 Dungeon Crawl Stone Soup version 0.19-a0-1899-g2d93087 (webtiles) character file.

217723 Tzer0alt2 the Wrestler (level 19, -2/146 (147) HPs)
             Began as a Ghoul Gladiator on Oct 20, 2016.
             Was an Elder of Ru.
             Slain by a deep troll shaman (6 damage)
             ... led by an ironheart preserver
             ... on level 2 of the Vaults.
             The game lasted 01:58:14 (38685 turns).

Tzer0alt2 the Wrestler (Ghoul Gladiator)           Turns: 38685, Time: 01:58:15

HP:   -2/146 (147)  AC: 25    Str: 28    XL:     19   Next: 9%
MP:   24/24         EV:  2    Int:  3    God:    Ru [****..]
Gold: 1014          SH:  0    Dex: 14    Spells: 5 memorised, 8 levels left

rFire  + . .     SeeInvis .       - Unarmed
rCold  + + .     Gourm    .     Q - +3 plate armour {rF+}
rNeg   + + +     Faith    .     (no shield)
rPois  ∞         Spirit   .     b - +0 hat "Egary" {*Drain rC+ MR+ rCorr Dex+3}
rElec  .         Reflect  +     R - +0 cloak
rCorr  +         Harm     .     (no gloves)
MR     ++...                    V - +2 pair of boots {Fly}
Stlth  ..........               j - +5 amulet of reflection
                                W - ring of Terra Nullius {rCorr MP+9 Str+3}
                                u - +3 ring of evasion

@: petrified, flying, rotting
A: rotting body, claws 1, carnivore 3, cold resistance 1, low mp 3, negative
energy resistance 3, slow regeneration 2, torment resistance, unbreathing, no
stealth, no hexes magic, no ice magic, no translocations magic
a: Draw Out Power, Power Leap, Renounce Religion, Stop Flying
}: 1/15 runes: decaying


You were on level 2 of the Vaults.
You worshipped Ru.
Ru was greatly pleased with you.
You were not hungry.

You visited 7 branches of the dungeon, and saw 33 of its levels.
You also visited: Labyrinth and Sewer.

You collected 3455 gold pieces.
You spent 2441 gold pieces at shops.

Inventory:

Missiles
 c - a throwing net (quivered)
Armour
 b - the +0 hat "Egary" (worn) {*Drain rC+ MR+ rCorr Dex+3}
   (You found it on level 1 of the Orcish Mines)

   It affects your dexterity (+3).
   It protects you from cold.
   It affects your resistance to hostile enchantments.
   It protects you from acid and corrosion.
   It causes draining when unequipped.
 Q - a +3 plate armour of fire resistance (worn)
 R - a +0 cloak (worn)
 V - a +2 pair of boots of flying (worn)
Rods
 h - a +3 rod of ignition (14/14)
   (You took it off a minotaur in a labyrinth)
 x - a +4 lightning rod (13/13)
   (You found it in a labyrinth)
Jewellery
 j - a +5 amulet of reflection (around neck)
 o - an uncursed ring of protection from fire
 s - an uncursed amulet of magic regeneration
 u - a +3 ring of evasion (left claw)
 z - an uncursed ring of protection from fire
 G - an uncursed ring of resist corrosion
 H - an uncursed ring of ice
 K - the ring "Ahon" {rF+ rC+++ MR++ Slay-5}
   (You found it on level 1 of the Vaults)

   [ring of protection from fire]

   It affects your accuracy and damage with ranged weapons and melee attacks
   (-5).
   It protects you from fire.
   It renders you almost immune to cold.
   It affects your resistance to hostile enchantments.
 O - an uncursed ring of magical power
 W - the ring of Terra Nullius (right claw) {rCorr MP+9 Str+3}
   (You took it off an orc on level 8 of the Dungeon)

   [ring of resist corrosion]

   It affects your strength (+3).
   It affects your magic capacity (+9).
Wands
 g - a wand of teleportation (7/9)
 m - a wand of iceblast (3/15)
 L - a wand of heal wounds (3/9)
 M - a wand of hasting (1/9)
 Y - a wand of flame (15/48)
Scrolls
 a - 3 scrolls of recharging
 e - 11 scrolls of remove curse
 l - 4 scrolls of fear
 p - 3 scrolls of summoning
 q - 2 scrolls of identify
 r - 4 scrolls of blinking
 v - 6 scrolls of teleportation
 F - 5 scrolls of immolation
 I - 3 scrolls of silence
 J - 5 scrolls of magic mapping
 P - 4 scrolls of fog
 S - 2 scrolls of torment
 X - 4 scrolls of enchant armour
Potions
 f - 11 potions of curing
 k - 5 potions of might
 t - a potion of agility
 w - 4 potions of brilliance
 A - 4 potions of resistance
 B - a potion of cancellation
 E - 5 potions of haste
 T - a potion of ambrosia
Miscellaneous
 i - a fan of gales
 y - a sack of spiders
 C - a fan of gales
 Z - a phial of floods
Comestibles
 d - 19 meat rations
 n - 11 beef jerkies
 D - 7 royal jellies
 N - 4 slices of pizza
 U - 8 chunks of flesh


   Skills:
 + Level 7.9 Fighting
 - Level 1.7 Throwing
 + Level 15.1 Armour
 + Level 15.3 Dodging
 * Level 22.5 Unarmed Combat
 + Level 5.8 Evocations


You had 8 spell levels left.
You knew the following spells:

 Your Spells              Type           Power        Failure   Level  Hunger
a - Blink                 Tloc           N/A          100%        2    ###....
b - Magic Dart            Conj           #...         100%        1    ##.....
c - Repel Missiles        Chrm/Air       #.....       100%        2    ###....
d - Mephitic Cloud        Conj/Pois/Air  #.......     100%        3    ####...
e - Slow                  Hex            #.......     100%        2    ###....


Dungeon Overview and Level Annotations

Branches:
Dungeon (15/15)            Temple (0/1) D:7            Lair (6/6) D:8
  Swamp (4/4) Lair:3        Snake (3/4) Lair:4        Slime (0/5) Lair:6
    Orc (2/2) D:9             Elf (1/3) Orc:2        Vaults (2/5) D:14
  Crypt (0/3) Vaults:2     Depths (0/5) D:15

Altars:
Dithmenos
Fedhas
Gozag
Kikubaaqudgha
Makhleb
Okawaru
Ru
Sif Muna
Trog
Vehumet
Xom
The Shining One

Shops:
D:4 [:   D:8 [   Orc:2 [**}   Snake:1 =}=   Snake:3 *   Vaults:1 ?

Annotations:
D:14 exclusion: ice statue
Lair:3 exclusion: oklob plant
Lair:6 exclusion: oklob plant
Swamp:3 Nikola
Swamp:4 Lernaean hydra


Innate Abilities, Weirdness & Mutations

Your body is rotting away.
You thrive on raw meat.
You are immune to poison.
You have sharp fingernails.
You are carnivorous and can eat meat at any time.
Your flesh is cold resistant. (rC+)
Your magical capacity is extremely low. (-30% MP)
You are immune to negative energy. (rN+++)
You do not regenerate when monsters are visible.
You are immune to unholy pain and torment.
You can survive without breathing.
You cannot be stealthy.
You cannot study or cast Hexes magic.
You cannot study or cast Ice magic.
You cannot study or cast Translocations magic.


Message History

The deep troll shaman claws you but does no damage. x2
The stone giant hits you but does no damage.
The deep troll shaman bites you.
* * * LOW HITPOINT WARNING * * *
The deep troll shaman claws you.
* * * LOW HITPOINT WARNING * * *
The deep troll shaman claws you.
* * * LOW HITPOINT WARNING * * *
The stone giant is stunned by your will and fails to attack.
The deep troll shaman bites you!!
* * * LOW HITPOINT WARNING * * *
The deep troll shaman claws you but does no damage. x2
The deep troll shaman barely misses you.
The deep troll shaman claws you!
* * * LOW HITPOINT WARNING * * *
The deep troll shaman claws you but does no damage.
The stone giant hits you!!
* * * LOW HITPOINT WARNING * * *
The deep troll shaman bites you!
You die...

))....#...........#
......#######'##### ......#
#......# #+##### #......#
...... . #......#
..#####..#...<..#
###...##.#......#
.......#.#......###########
.#..>..#.#..^...@C........#
##### .......#
#......#T........###....
###...##
########.........##.....
##### #........()......
.... #..pT...())...... ####
+# #.........#...... .p
#.........##..... #.
#.........###.... #.
######'##### #####


You could see an ironheart preserver, a stone giant and 2 deep troll shamans.

Vanquished Creatures
  Saint Roka (Orc:2)
  A bone dragon (Vaults:2)
  Donald (Snake:1)
  A thorn hunter (Swamp:4)
  2 nagarajas
  A frost giant (Vaults:1)
  A deep elf sorcerer (Elf:1)
  6 vault wardens
  A very ugly thing (Vaults:2)
  3 ironheart preservers (Vaults:1)
  Nessos (Lair:4)
  A minotaur (Lab)
  A deep elf death mage (Elf:1)
  An ettin (Vaults:1)
  3 ogre magi (Vaults:1)
  A yaktaur captain (Vaults:2)
  Fannar (D:10)
  5 vault guards
  A fire dragon (Vaults:1)
  4 ice dragons
  5 naga warriors
  27 hydras
  A catoblepas (D:13)
  5 centaur warriors
  A deep troll shaman (Vaults:2)
  6 death yaks
  An anaconda (Snake:3)
  A ghost crab (Swamp:4)
  A dancing weapon (Orc:2)
  10 alligators
  3 tengu warriors (D:15)
  7 naga sharpshooters
  4 shock serpents (Snake:3)
  2 deep troll earth magi (Vaults:1)
  4 spriggan berserkers
  Urug (Lair:5)
  11 spriggans
  3 deep elf knights
  Nergalle (Lair:4)
  5 skeletal warriors (D:15)
  A shadow wraith (Vaults:2)
  3 deep trolls
  A spriggan druid (Swamp:2)
  2 sea snakes (Snake:3)
  4 deep elf archers (Elf:1)
  8 unseen horrors
  4 ironbrand convokers
  A naga ritualist (Snake:1)
  11 swamp dragons
  A wizard (Vaults:1)
  4 hill giants
  4 harpies (Vaults:2)
  6 orc knights
  The ghost of HANFGEIST the Nimble, a novice DEWz of Vehumet (D:7)
  An orc sorcerer (Orc:2)
  3 mana vipers
  A manticore (D:12)
  21 deep elf magi
  6 cyclopes
  3 salamanders
  19 ugly things
  8 naga magi
  26 black mambas
  A centaur skeleton (D:12)
  A centaur zombie (D:11)
  4 vault sentinels (Vaults:1)
  3 guardian serpents
  15 spiny frogs
  A torpor snail (Lair:5)
  A gargoyle (D:14)
  3 kobold demonologists (D:13)
  An efreet (D:15)
  7 komodo dragons
  2 rime drakes
  7 yaktaurs
  A tengu conjurer (D:15)
  A troll (shapeshifter) (Elf:1)
  5 trolls
  A queen bee (D:12)
  7 hornets
  A meliai (shapeshifter) (Vaults:1)
  A sphinx simulacrum (Vaults:1)
  A two-headed ogre (shapeshifter) (Vaults:1)
  5 polar bears
  28 slime creatures
  2 bog bodies
  12 hippogriffs
  A tyrant leech (Swamp:4)
  4 two-headed ogres
  22 blink frogs
  An air elemental (Elf:1)
  A redback (Lair:6)
  A shadow (D:15)
  5 wraiths
  3 wyverns
  58 yaks
  2 basilisks
  A golden eye (shapeshifter) (D:15)
  A fire elemental (Orc:1)
  A human (shapeshifter) (Vaults:1)
  11 vampire mosquitoes
  A hungry ghost (D:14)
  7 wargs
  8 insubstantial wisps
  3 mottled dragons
  22 nagas
  29 swamp worms
  10 water moccasins
  A soldier ant (shapeshifter) (D:11)
  A meliai simulacrum (D:15)
  17 porcupines
  12 swamp drakes
  40 orc warriors
  5 ice beasts
  An eye of draining (shapeshifter) (Vaults:2)
  3 black bears (Lair:6)
  2 sky beasts
  An eye of draining (D:11)
  7 necrophages
  25 ogres
  5 phantoms
  A tengu (shapeshifter) (D:14)
  19 wolves
  9 boggarts
  17 centaurs
  14 crocodiles
  4 big kobolds
  19 bullfrogs
  An earth elemental (Elf:1)
  A water moccasin zombie (D:6)
  A wyvern skeleton (D:13)
  A scorpion (D:11)
  3 water moccasin skeletons
  21 killer bees
  9 wights
  3 howler monkeys (D:14)
  4 crimson imps
  3 quasits
  6 jellies
  8 hounds
  19 orc priests
  25 orc wizards
  An iron imp (Orc:1)
  2 bullfrog skeletons
  9 iguanas
  10 worker ants
  A hound zombie (D:5)
  2 hound skeletons
  5 gnolls
  A howler monkey skeleton (D:10)
  16 adders
  6 river rats (Sewer)
  2 shadow imps
  A white imp (Orc:1)
  2 oozes
  An adder zombie (D:5)
  3 worms (D:3)
  2 dart slugs
  9 leopard geckos
  97 orcs
  7 giant cockroaches
  7 hobgoblins
  7 quokkas
  5 ball pythons
  7 bats
  6 frilled lizards
  7 goblins
  A jackal skeleton (D:4)
  37 kobolds
  28 rats
  A briar patch (Swamp:4)
1169 creatures vanquished.

Vanquished Creatures (others)
  An alligator (Swamp:2)
  A sea snake (Snake:3)
  An orc knight (Vaults:1)
  2 cyclopes
  A blink frog (Lair:4)
  2 swamp worms (Swamp:3)
  2 orc warriors (Orc:2)
  An ogre (Vaults:1)
  4 centaurs
  An orc priest (Orc:1)
  3 orcs (Orc:2)
  A briar patch (Swamp:4)
  3 fungi
  3 plants
26 creatures vanquished.

Grand Total: 1195 creatures vanquished

Notes
Turn   | Place    | Note
-------+----------+-------------------------------------------
     0 | D:1      | Tzer0alt2 the Ghoul Gladiator began the quest for the Orb.
     0 | D:1      | Reached XP level 1. HP: 17/17 MP: 0/0
   288 | D:1      | Reached skill level 4 in Unarmed Combat
   288 | D:1      | Reached XP level 2. HP: 18/24 MP: 1/1
   527 | D:1      | Reached XP level 3. HP: 27/29 MP: 2/2
  1052 | D:2      | Reached skill level 5 in Unarmed Combat
  1113 | D:2      | Found a sacrificial altar of Ru.
  1122 | D:2      | Reached XP level 4. HP: 36/36 MP: 3/3
  1137 | D:2      | Became a worshipper of Ru the Awakened
  1408 | D:2      | Reached skill level 6 in Unarmed Combat
  1561 | D:2      | Reached XP level 5. HP: 41/41 MP: 4/4
  1973 | D:3      | Reached skill level 7 in Unarmed Combat
  1977 | D:3      | Reached XP level 6. HP: 31/48 MP: 5/5
  2005 | D:3      | Found a glowing drain.
  2023 | Sewer    | Entered a sewer
  2232 | Sewer    | Reached skill level 8 in Unarmed Combat
  2630 | D:3      | Reached XP level 7. HP: 55/55 MP: 6/6
  3096 | D:4      | Found Loapodytre's Book Shop.
  3130 | D:4      | Found Suwiocof's Jewellery Boutique.
  3151 | D:4      | Reached skill level 9 in Unarmed Combat
  3472 | D:4      | Found a shimmering altar of Xom.
  3472 | D:4      | Found a bloodstained altar of Trog.
  3650 | D:4      | Found Duilu's Antique Armour Shop.
  3762 | D:5      | Entered Level 5 of the Dungeon
  3969 | D:5      | Reached skill level 10 in Unarmed Combat
  3988 | D:5      | Reached XP level 8. HP: 56/61 MP: 7/7
  4119 | D:5      | Found a shadowy altar of Dithmenos.
  4519 | D:6      | Found a deep blue altar of Sif Muna.
  4706 | D:6      | Reached skill level 11 in Unarmed Combat
  4833 | D:6      | Learned a level 2 spell: Blink
  4835 | D:6      | Learned a level 1 spell: Magic Dart
  5294 | D:6      | Reached skill level 1 in Armour
  5428 | D:7      | Found an ancient bone altar of Kikubaaqudgha.
  5501 | D:7      | Noticed HANFGEIST's ghost (novice DEWz)
  5501 | D:7      | Reached XP level 9. HP: 66/67 MP: 8/8
  5541 | D:7      | Killed HANFGEIST's ghost
  5541 | D:7      | Reached skill level 12 in Unarmed Combat
  5618 | D:7      | Found a staircase to the Ecumenical Temple.
  5772 | D:7      | Found a sacrificial altar of Ru.
  5772 | D:7      | Found a blossoming altar of Fedhas.
  5772 | D:7      | Found an opulent altar of Gozag.
  5772 | D:7      | Found a glowing golden altar of the Shining One.
  5990 | D:8      | Gained mutation: Your magical capacity is low. (-10% MP) [Ru sacrifice]
  6016 | D:8      | Found Mogiraun's Antique Armour Shop.
  6019 | D:8      | Bought a pair of glowing boots for 241 gold pieces
  6092 | D:8      | Found an iron altar of Okawaru.
  6119 | D:8      | Got a twitching ivory ring
  6124 | D:8      | Identified the ring of Terra Nullius {rCorr MP+9 Str+3} (You took it off an orc on level 8 of the Dungeon)
  6146 | D:8      | Found a staircase to the Lair.
  6175 | D:8      | Reached skill level 5 in Dodging
  6460 | D:9      | Found a staircase to the Orcish Mines.
  6560 | D:9      | Found a radiant altar of Vehumet.
  6636 | D:9      | Reached XP level 10. HP: 72/72 MP: 8/8
  6796 | D:9      | Reached skill level 5 in Armour
  7008 | D:10     | Entered Level 10 of the Dungeon
  7154 | D:9      | Reached skill level 13 in Unarmed Combat
  7351 | D:10     | Noticed Fannar
  7546 | D:10     | Killed Fannar
  7591 | D:10     | Gained mutation: You cannot be stealthy. [Ru sacrifice]
  7591 | D:10     | Reached * piety under Ru
  7594 | D:10     | Noticed a hill giant
  7613 | D:10     | Killed a hill giant
  7613 | D:10     | Reached XP level 11. HP: 70/79 MP: 8/8
  7832 | D:11     | Noticed a cyan ugly thing
  7850 | D:11     | Killed a cyan ugly thing
  7962 | D:11     | Killed an unseen horror
  8156 | D:11     | Reached skill level 14 in Unarmed Combat
  8761 | D:11     | Noticed a cyan ugly thing
  8772 | D:11     | Killed a cyan ugly thing
  9039 | D:11     | Killed an unseen horror
  9203 | Orc:1    | Entered Level 1 of the Orcish Mines
  9548 | Orc:1    | Learned a level 2 spell: Repel Missiles
  9552 | Orc:1    | Learned a level 3 spell: Mephitic Cloud
  9555 | Orc:1    | Learned a level 2 spell: Slow
  9632 | Orc:1    | Gained mutation: You cannot study or cast Ice magic. [Ru sacrifice]
  9632 | Orc:1    | Gained mutation: You cannot study or cast Hexes magic. [Ru sacrifice]
  9632 | Orc:1    | Gained mutation: You cannot study or cast Translocations magic. [Ru sacrifice]
  9632 | Orc:1    | Reached ** piety under Ru
  9931 | Orc:1    | Noticed a deep elf mage
  9935 | Orc:1    | Killed a deep elf mage
  9935 | Orc:1    | Reached XP level 12. HP: 79/85 MP: 9/9
  9943 | Orc:1    | Got a shimmering hat
  9949 | Orc:1    | Identified the cursed +0 hat "Egary" {*Drain rC+ MR+ rCorr Dex+3} (You found it on level 1 of the Orcish Mines)
 10174 | Lair:1   | Entered Level 1 of the Lair of Beasts
 10586 | Lair:1   | Reached skill level 15 in Unarmed Combat
 11382 | Lair:2   | Noticed a five-headed hydra
 11409 | Lair:2   | Killed a five-headed hydra
 11459 | Lair:2   | Reached skill level 10 in Dodging
 11506 | Lair:2   | Found a labyrinth entrance.
 11585 | Lab      | Entered a labyrinth
 11695 | Lab      | Noticed a minotaur
 11705 | Lab      | HP: 2/85 [minotaur/rod of ignition (16)]
 11721 | Lab      | Killed a minotaur
 11748 | Lab      | Got a dazzling scale mail
 11751 | Lab      | Identified a +3 rod of ignition (14/14) (You took it off a minotaur in a labyrinth)
 11824 | Lair:2   | Noticed an eight-headed hydra
 11860 | Lair:2   | Killed an eight-headed hydra
 11899 | Lair:2   | Reached skill level 10 in Armour
 11899 | Lair:2   | Reached XP level 13. HP: 88/91 MP: 10/10
 12616 | Lair:3   | Found a staircase to the Swamp.
 12659 | Lair:3   | Reached skill level 16 in Unarmed Combat
 13451 | Lair:4   | Found a staircase to the Snake Pit.
 13900 | Lair:4   | Noticed Nessos
 13913 | Lair:4   | Killed Nessos
 14154 | Lair:4   | Noticed Nergalle
 14171 | Lair:4   | Killed Nergalle
 14993 | Lair:5   | Noticed Urug
 15009 | Lair:5   | Killed Urug
 15351 | Lair:5   | Reached XP level 14. HP: 99/99 MP: 11/11
 15678 | Lair:6   | Entered Level 6 of the Lair of Beasts
 15889 | Lair:6   | Found a staircase to the Slime Pits.
 15934 | Lair:6   | Reached skill level 17 in Unarmed Combat
 17915 | D:12     | Reached skill level 18 in Unarmed Combat
 18844 | D:13     | Reached XP level 15. HP: 104/104 MP: 12/12
 20097 | D:14     | Found a gate to the Vaults.
 20585 | D:14     | Gained mutation: You do not regenerate when monsters are visible. [Ru sacrifice]
 20585 | D:14     | Reached *** piety under Ru
 21262 | Orc:2    | Entered Level 2 of the Orcish Mines
 21549 | Orc:2    | Found a staircase to the Elven Halls.
 21920 | Orc:1    | Reached skill level 19 in Unarmed Combat
 22203 | Orc:2    | Found Xiss's Assorted Antiques.
 22203 | Orc:2    | Found Futhois's General Store.
 22205 | Orc:2    | Found Oduo's Armour Shop.
 22207 | Orc:2    | Found Moumar's Gadget Shoppe.
 22212 | Orc:2    | Bought a scroll of identify for 20 gold pieces
 22397 | Orc:2    | Bought a wand of teleportation (7/9) for 594 gold pieces
 22404 | Orc:2    | Bought a potion of degeneration for 10 gold pieces
 22407 | Orc:2    | Bought a potion of heal wounds for 50 gold pieces
 22549 | Orc:2    | Noticed Saint Roka
 22664 | Orc:2    | Killed Saint Roka
 23014 | Swamp:1  | Entered Level 1 of the Swamp
 23036 | Swamp:1  | Gained mutation: Your magical capacity is very low. (-20% MP) [Ru sacrifice]
 23579 | Snake:1  | Entered Level 1 of the Snake Pit
 24185 | D:15     | Entered Level 15 of the Dungeon
 24397 | D:15     | Reached XP level 16. HP: 103/111 MP: 11/11
 24924 | D:15     | Found a staircase to the Depths.
 25483 | Elf:1    | Entered Level 1 of the Elven Halls
 25496 | Elf:1    | Reached skill level 20 in Unarmed Combat
 26448 | Elf:1    | Gained mutation: Your magical capacity is extremely low. (-30% MP) [Ru sacrifice]
 26448 | Elf:1    | Reached **** piety under Ru
 27485 | Elf:1    | Found a bloodstained altar of Trog.
 29367 | Swamp:3  | Got a transparent gossamer ring
 29369 | Swamp:3  | Identified the ring of Ugejetyu {MR+ Int+5} (You found it on level 3 of the Swamp)
 29658 | Swamp:3  | Noticed Nikola
 29920 | Lair:4   | Reached XP level 17. HP: 93/116 MP: 10/10
 30127 | Snake:1  | Reached skill level 21 in Unarmed Combat
 30158 | Snake:1  | Found a burning altar of Makhleb.
 30252 | Snake:1  | Reached skill level 1 in Evocations
 30301 | Snake:1  | Noticed Donald
 30325 | Snake:1  | Killed Donald
 30662 | Snake:1  | Found Caont's Jewellery Shoppe.
 30663 | Snake:1  | Found Onnysuhuy's Gadget Shop.
 30664 | Snake:1  | Found Muxum's Jewellery Shoppe.
 32478 | Snake:3  | Found Aleunaj's General Store.
 32481 | Snake:3  | Bought a +3 plate armour of fire resistance for 540 gold pieces
 34230 | Swamp:4  | Entered Level 4 of the Swamp
 34360 | Swamp:4  | Reached skill level 5 in Fighting
 35222 | Swamp:4  | Reached XP level 18. HP: 97/134 MP: 13/13
 35327 | Swamp:4  | Noticed the 27-headed Lernaean hydra
 35569 | Swamp:4  | Got a decaying rune of Zot
 36034 | Vaults:1 | Entered Level 1 of the Vaults
 36123 | Vaults:1 | Found Doucrud's Magic Scroll Emporium.
 36131 | Vaults:1 | Bought a scroll of acquirement for 884 gold pieces
 36132 | Vaults:1 | Got a garnet-encrusted scale mail
 36143 | Vaults:1 | Identified the +3 scale mail of Wuffo {*Corrode +Inv rF++ rN+++} (You acquired it on level 1 of the Vaults)
 36161 | Vaults:1 | Bought a scroll of identify for 34 gold pieces
 36161 | Vaults:1 | Bought a scroll of identify for 34 gold pieces
 36161 | Vaults:1 | Bought a scroll of identify for 34 gold pieces
 36576 | Vaults:1 | Reached skill level 22 in Unarmed Combat
 36590 | Vaults:1 | Reached skill level 15 in Dodging
 37310 | Vaults:1 | Reached skill level 5 in Evocations
 37395 | Vaults:1 | Got a sparkling turquoise ring
 37397 | Vaults:1 | Identified the ring "Ahon" {rF+ rC+++ MR++ Slay-5} (You found it on level 1 of the Vaults)
 38118 | Vaults:1 | Reached skill level 15 in Armour
 38376 | Vaults:2 | Noticed a bone dragon
 38400 | Vaults:2 | Killed a bone dragon
 38418 | Vaults:2 | Found a staircase to the Crypt.
 38474 | Vaults:2 | Reached XP level 19. HP: 74/147 MP: 15/15
 38684 | Vaults:2 | HP: 4/146 [stone giant (16)]
 38685 | Vaults:2 | Slain by a deep troll shaman

Vault maps used:
D:1:      dpeg_arrival_water_fire
D:2:      nicolae_ru_great_annihilating_truth
D:3:      first_bread, portal_sewer_entry_c, chequers_big_river
D:4:      gammafunk_temple_overflow_statue, serial_shops, shop, shop,
          nicolae_shop_trees
D:5:      marbit_many_paths, serial_curves, eino_curves_03, eino_curves_02
D:6:      old_standard_altar
D:7:      minitemple
D:8:      lemuel_crystal_altar, lair_0_dummy, serial_shops, shop
D:9:      vehumet_altar_wand_db, orc_0_dummy
D:10:     serial_glass, glass_columns_a, glass_columns_c, uniq_fannar
D:12:     david_nohive_1
D:14:     lemuel_ice_statue, lightli_vaults_fourway_checkpoint
D:15:     grunt_enter_depths_hoard
Lair:1:   infiniplex_staircase_pool_2, grunt_megastairs_4
Lair:2:   lab_entry_generic, roderic_carrion_pond, grunt_megastairs_2
Lair:3:   swamp_mist, minmay_lair_oklob_bushes
Lair:4:   dummy_snake_entry, grunt_megastairs_5, bh_autumn_forest_stairs,
          uniq_nergalle, uniq_nessos
Lair:5:   uniq_urug
Lair:6:   minmay_lair_end_enchanted_forest, minmay_slime_entry_oklob_open
Swamp:1:  nicolae_swamp_round_clearing, swamp_pool1, ldierk_geyser
Swamp:2:  evilmike_swamp_ruin_house_4
Swamp:3:  evilmike_swamp_ruin_house_6, uniq_roxanne, uniq_nikola
Swamp:4:  swamp_old_school, swamp_pool1
Snake:1:  basic_altar, minmay_shop_grove, serial_bayou_shore_b, uniq_donald
Snake:3:  serial_shops, nicolae_shop_trees, guppyfry_snake_island
Orc:1:    nicolae_orc_lava_tube, hangedman_minor_magic
Orc:2:    st_orc_rangers, nicolae_orc_tapped_out, uniq_saint_roka
Elf:1:    minmay_elf_arrival_summoners, minmay_elf_demonology,
          evilmike_spriggan_trog_shrine
Vaults:1: nicolae_vaults_network_periphery, hangedman_vaults_maws,
          vaults_standard_mumra_lines, vaults_room_pool,
          nicolae_vaults_shelves_hall, vaults_dpeg_doors,
          hangedman_vaults_capsules, ontoclasm_vaults_loading_screen,
          nicolae_vaults_border_crossing, nicolae_vaults_circle_grid_a,
          st_spiral_rooms, ontoclasm_vaults_loading_screen, serial_shops, shop
Vaults:2: nicolae_vaults_stairing_the_circle, minmay_crypt_entry_nasty_monster,
          nicolae_vaults_ninety_degrees, v_pattern_2, grunt_vaults_funnel,
          ontoclasm_vaults_decontamination, v_misc_17, vaults_room_semicircle,
          hangedman_vaults_restitches, v_misc_15, v_misc_19, v_misc_16, v_misc_2
Lab:      labyrinth_mini_lab, nicolae_lab_grate_2, nicolae_lab_big_swirl
Sewer:    sewer_minmay_treatment

Skill      XL: |  1  2  3  4  5  6  7  8  9 10 11 12 13 14 15 16 17 18 |
---------------+-------------------------------------------------------+-----
Unarmed Combat | 4 5 6 7 8 10 11 12 13 14 15 16 18 19 20 21 22 | 22.5
Armour         | 2 4 6 8 10 11 12 13 14 15 | 15.1
Dodging        | 3 5 7 9 10 11 12 13 14 15 | 15.3
Evocations     | 4 5 |  5.8
Fighting       | 5 7 |  7.9
Throwing       | |  1.7

Action                   |  1- 3 |  4- 6 |  7- 9 | 10-12 | 13-15 | 16-18 | 19-21 || total
-------------------------+-------+-------+-------+-------+-------+-------+-------++-------
Melee: Unarmed           |   128 |   295 |   390 |   836 |  1617 |  1583 |    45 ||  4894
       Punch             |     3 |     7 |    19 |    47 |   141 |   193 |     4 ||   414
Throw: Throwing net      |       |       |       |     2 |       |       |       ||     2
Invok: Reject Sacrifices |       |     1 |       |     1 |     1 |     2 |       ||     5
       Sacrifice Essence |       |       |     1 |       |     1 |     1 |       ||     3
       Sacrifice Stealth |       |       |       |     1 |       |       |       ||     1
       Sacrifice Arcana  |       |       |       |     1 |       |       |       ||     1
       Sacrifice Purity  |       |       |       |       |     1 |       |       ||     1
       Power Leap        |       |       |       |       |       |     4 |       ||     4
Evoke: Wand              |       |       |       |    11 |    18 |     9 |       ||    38
       Rod               |       |       |       |       |    15 |    20 |       ||    35
       Phial of floods   |       |       |       |       |       |     2 |       ||     2
  Use: Scroll            |       |     4 |     8 |     6 |    12 |    23 |       ||    53
       Potion            |       |       |       |     6 |     8 |     5 |       ||    19
 Stab: Paralysed         |       |     3 |       |       |     5 |       |       ||     8
       Invisible         |       |     1 |       |       |     3 |    14 |       ||    18
       Distracted        |       |       |       |     1 |     3 |     3 |       ||     7
  Eat: Chunk             |     5 |    15 |    29 |   119 |   259 |   216 |     8 ||   651
Armor: Leather armour    |    22 |       |       |       |       |       |       ||    22
       Chain mail        |    24 |   165 |    55 |       |       |       |       ||   244
       Plate armour      |       |       |   102 |   318 |   537 |   450 |    24 ||  1431
Dodge: Dodged            |    73 |   118 |    95 |   271 |   725 |   769 |    32 ||  2083
Block: Other             |    21 |    71 |    46 |   141 |   248 |   238 |     2 ||   767
       Reflection        |       |     3 |     5 |     5 |    29 |    19 |       ||    61
